 Dungeon Crawl Stone Soup version 0.30-a0-585-g93115170b9 (webtiles) character file.

Game seed: 16059739922773987384

7 wormed the Cudgeller (level 2, 0/16 HPs)
             Began as a Vine Stalker Berserker on Jan 2, 2023.
             Was a Follower of Trog.
             Succumbed to a kobold's poison
             ... on level 1 of the Dungeon.
             The game lasted 00:00:30 (84 turns).

wormed the Cudgeller (Vine Stalker Berserker)         Turns: 84, Time: 00:00:31

Health: 0/16       AC:  2    Str: 19    XL:     2   Next: 0%
Magic:  3/3        EV: 12    Int:  7    God:    Trog [*.....]
Gold:   0          SH:  0    Dex: 13    Spells: 1/1 levels left

rFire   . . .      SeeInvis .    c - +2 dagger (venom)
rCold   . . .      Faith    .    (no shield)
rNeg    . . .      Spirit   +    b - +0 animal skin
rPois   .          Reflect  .    (no helmet)
rElec   .          Harm     .    (no cloak)
rCorr   .          Rampage  .    (no gloves)
Will    .....                    (no boots)
Stlth   +                        (no amulet)
HPRegen 0.22/turn                (no ring)
MPRegen 0.08/turn                (no ring)

@: lethally poisoned (0 -> -2), on berserk cooldown, slowed, very slow
A: fangs 2, magic shield, antimagic bite, no potion heal 2
a: Renounce Religion, Berserk


You were on level 1 of the Dungeon.
You worshipped Trog.
Trog was aware of your devotion.
You visited 1 branch of the dungeon, and saw 1 of its levels.

Inventory:

Hand Weapons
 a - a +0 mace
 c - a +2 dagger of venom (weapon)
Armour
 b - a +0 animal skin (worn)


   Skills:
 + Level 2.7 Fighting
 * Level 2.8 Maces & Flails
 + Level 1.6 Armour
 + Level 1.7 Dodging
 + Level 0.3 Shields


You had one spell level left.
You didn't know any spells.
Your spell library was empty.

Dungeon Overview and Level Annotations

Branches:
Dungeon (1/15)

Altars:


Innate Abilities, Weirdness & Mutations

You have extremely sharp teeth.
When hurt, damage is shared between your health and your magic reserves.
Your bite disrupts and absorbs the magic of your enemies.
Potions cannot restore your health.


Message History

The kobold hits you with a +2 dagger of venom.
You barely miss the kobold.
The kobold hits you with a +2 dagger of venom.
You are lethally poisoned!
The kobold barely misses you.
You sock the kobold!
You kill the kobold!
Trog accepts your kill.
You feel very sick.
You have reached level 2!
* * * LOW HITPOINT WARNING * * *
You feel sick.
Things that are here:
a +2 dagger of venom; a kobold corpse Your +2 dagger of venom begins to drip with poison!
c - a +2 dagger of venom (weapon)
* * * LOW HITPOINT WARNING * * *
You feel sick.
There is a lethal amount of poison in your body!
There is a lethal amount of poison in your body!
There is a lethal amount of poison in your body!
There is a lethal amount of poison in your body!
There is a lethal amount of poison in your body!
A red film seems to cover your vision as you go berserk!
You feel yourself moving faster!
You feel mighty!
* * * LOW HITPOINT WARNING * * *
You feel sick.
There is a lethal amount of poison in your body!
You feel a strong urge to attack something.
* * * LOW HITPOINT WARNING * * *
You feel sick.
You feel your anger nearly subside.
* * * LOW HITPOINT WARNING * * *
You feel sick.
You are no longer berserk.
You are exhausted.
You feel yourself slow down.
* * * LOW HITPOINT WARNING * * *
You feel sick.
You die...

####+####+#### .#
.............# .#
............#
.######..........#
.#..............@#
.#.###...........#
.#.#.#.....†.....#
.#.#.#..†........#
.#.#.#....†......#
.............>...#
+#'####.....#......
......+.....#.......
....###.....#.......


There were no monsters in sight!

Vanquished Creatures
  2 giant cockroaches (D:1)
  A hobgoblin (D:1)
  A bat (D:1)
  A kobold (D:1)
  2 rats (D:1)
7 creatures vanquished.

Notes
Turn   | Place    | Note
-------+----------+-------------------------------------------
     0 | D:1      | wormed the Vine Stalker Berserker began the quest for the
                  | Orb.
     0 | D:1      | Reached XP level 1. HP: 11/11 MP: 2/2
    77 | D:1      | Reached XP level 2. HP: 6/16 MP: 3/3
    84 | D:1      | Succumbed to a kobold's poison

Illustrated notes

Levels and vault maps discovered:
D:1:      ncdulo_smallfort, layout_basic

Action                   || total
-------------------------++-------
Melee: Mace              ||    21
       Bite              ||     1
Invok: Berserk           ||     1
 Stab: Sleeping          ||     1
Armor: Animal skin       ||    11
Dodge: Dodged            ||    16

Table legend: (Time is in decaauts)
 A = Elapsed time spent in this place.
 B = Non-inter-level travel time spent in this place.
 C = Inter-level travel time spent in this place.
 D = Time resting spent in this place.
 E = Time spent auto-exploring this place.
 F = Levels seen in this place.
 G = Mean time per level.
                   A        B        C        D        E       F      G
               +--------+--------+--------+--------+--------+-----+--------+
         Total |     87 |     87 |      0 |      0 |     38 |   1 |   87.0 |
       Dungeon |     87 |     87 |      0 |      0 |     38 |   1 |   87.0 |
               +--------+--------+--------+--------+--------+-----+--------+

Top non-repeatable levels by time:
     D:1: 87 daAuts
